 Dungeon Crawl Stone Soup version 0.30-a0-415-g685d318daa (webtiles) character file.

Game seed: 9145951757555202589

3446 CrazyBamboolord the Zephyrmancer (level 10, 0/50 HPs)
             Began as a Tengu Air Elementalist on Dec 8, 2022.
             Was an Initiate of Vehumet.
             Slain by Grum
             ... wielding a +1 halberd
              (20 damage)
             ... on level 8 of the Dungeon.
             The game lasted 00:31:58 (9410 turns).

CrazyBamboolord the Zephyrmancer (TeAE)             Turns: 9410, Time: 00:31:59

Health: 0/50       AC:  5    Str: 10    XL:     10   Next: 6%
Magic:  7/22       EV: 17    Int: 19    God:    Vehumet [......]
Gold:   372        SH:  0    Dex: 14    Spells: 11/23 levels left

rFire   + . .      SeeInvis .    v - +2 hand axe (elec)
rCold   + . .      Faith    .    (no shield)
rNeg    . . .      Spirit   .    k - +0 animal skin
rPois   .          Reflect  .    (helmet restricted)
rElec   .          Harm     .    p - scarf {rC+ rF+}
rCorr   .          Rampage  .    c - +2 pair of gloves
Will    .....                    (boots unavailable)
Stlth   +++.......               (no amulet)
HPRegen 0.28/turn                a - ring of flight
MPRegen 0.18/turn                (no ring)

@: flying quickly and evasively, quick
A: beak, talons 3, nimble flight
a: Renounce Religion


You were on level 8 of the Dungeon.
You worshipped Vehumet.
Vehumet was noncommittal.
You visited 1 branch of the dungeon, and saw 8 of its levels.

You collected 372 gold pieces.

Inventory:

Hand Weapons
 n - a +1 whip of electrocution
 v - a +2 hand axe of electrocution (weapon)
Armour
 c - a +2 pair of gloves (worn)
 d - the +2 ice dragon scales of Uskayaw's Esteem {rF- rC++ rCorr}
   (You acquired it on level 2 of the Dungeon)

   rF:        It makes you vulnerable to fire.
   rC:        It greatly protects you from cold.
   rCorr:     It protects you from acid and corrosion.
 f - a +0 cloak
 k - a +0 animal skin (worn)
 p - a scarf of resistance (worn)
Jewellery
 a - a ring of flight (left hand)
Wands
 h - a wand of mindburst (29)
 s - a wand of charming (21)
 D - a wand of roots (5)
 E - a wand of polymorph (12)
 F - a wand of digging (7)
Scrolls
 g - a scroll of noise
 m - a scroll of brand weapon
 o - a scroll of blinking {unknown}
 r - 3 scrolls of identify
 u - 3 scrolls of fear {unknown}
 w - a scroll of poison {unknown}
 y - 2 scrolls of teleportation {unknown}
 B - a scroll of butterflies
 C - a scroll of summoning
Potions
 b - 4 potions of magic
 e - 2 potions of lignification {unknown}
 i - 5 potions of brilliance
 j - 4 potions of flight
 l - a potion of invisibility {unknown}
 q - a potion of ambrosia {unknown}
 t - a potion of haste {unknown}
 x - a potion of curing
 z - a potion of mutation {unknown}
 A - a potion of heal wounds


   Skills:
 * Level 5.6 Dodging
 * Level 5.3 Stealth
 * Level 7.4 Spellcasting
 * Level 8.5 Conjurations
 * Level 10.0 Air Magic


You had 11 spell levels left.
You knew the following spells:

 Your Spells              Type           Power      Damage    Failure   Level
a - Shock                 Conj/Air       100%       1d9       1%          1
b - Static Discharge      Conj/Air       84%        2-6/arc   1%          2
c - Airstrike             Air            22%        2d(4-20)  1%          4
d - Swiftness             Air            45%        N/A       1%          3
e - Poisonous Vapours     Pois/Air       52%        N/A       1%          2

Your spell library contained the following spells:

 Spells                   Type           Power      Damage    Failure   Level
 Mephitic Cloud           Conj/Pois/Air  30%        N/A       2%          3
 Cigotuvi's Dreadful Rot  Necr/Pois/Air  38%        N/A       3%          2
 Hailstorm                Conj/Ice       23%        3d7       4%          3
 Stone Arrow              Conj/Erth      46%        3d9       4%          3
 Kindle Blastsparks       Fire/Tloc/Air  38%        2d13      8%          3
 Apportation              Tloc           14%        N/A       10%         1
 Necrotise                Necr           28%        1d5       10%         1
 Sandblast                Erth           14%        2d6       10%         1
 Summon Small Mammal      Summ           28%        N/A       10%         1
 Passwall                 Tmut/Erth      5%         N/A       14%         2
 Freezing Cloud           Conj/Ice/Air   15%        6-21      22%         5
 Ignite Poison            Fire/Tmut/Pois 7%         N/A       28%         3
 Summon Guardian Golem    Hex/Summ       7%         N/A       28%         3
 Ice Form                 Ice/Tmut       7%         N/A       67%         4
 Orb of Destruction       Conj           19%        9d8       94%         7
 Simulacrum               Ice/Necr       3%         N/A       100%        6
 Spellforged Servitor     Conj/Summ      11%        N/A       100%        7


Dungeon Overview and Level Annotations

Branches:
Dungeon (8/15)             Temple (0/1) D:5
   Lair: D:8-11

Altars:
Ashenzari
Elyvilon
Hepliaklqana
Nemelex Xobeh
Okawaru
Qazlal
Vehumet
Wu Jian
Yredelemnul
The Shining One

Shops:
D:1 ?   D:7 *

Annotations:
D:4 2 runed translucent doors, Thargor's ghost, novice GrEE
D:8 Grum


Innate Abilities, Weirdness & Mutations

You have a beak for a mouth.
You have claws for feet.
Your magical nature lets you fly swiftly and evasively.


Message History

Press: ? - help, Q - select action, (/) - cycle Shift-Dir - straight line, f/p - gnoll bouda
Aim: a gnoll bouda, wielding a +0 whip and wearing a +0 leather armour (almost dead, 77% to hit)
The zap hits Grum!
Grum is severely wounded.
The zap hits the gnoll bouda.
You kill the gnoll bouda!
Vehumet accepts your kill.
The zap hits the wolf!
The wolf is moderately wounded.
Grum barely misses you.
Aiming: Shock (safe; 1% risk of failure)
Press: ? - help, Q - select action, (/) - cycle Shift-Dir - straight line, f - Grum
Aim: Grum, wielding a +1 halberd and wearing a +0 animal skin (severely wounded, covering ground quickly, 77% to hit)
The zap hits Grum.
Grum is almost dead.
The zap misses the wolf.
Grum completely misses you.
Aiming: Shock (safe; 1% risk of failure)
Press: ? - help, Q - select action, (/) - cycle Shift-Dir - straight line, f/p - Grum
Aim: Grum, wielding a +1 halberd and wearing a +0 animal skin (almost dead, covering ground quickly, 77% to hit)
The zap misses Grum.
The zap hits the wolf.
The wolf is moderately wounded.
Grum sniffs the air and quickly glances around.
Grum completely misses you.
Aiming: Shock (safe; 1% risk of failure)
Press: ? - help, Q - select action, (/) - cycle Shift-Dir - straight line, f/p - Grum
Aim: Grum, wielding a +1 halberd and wearing a +0 animal skin (almost dead, covering ground quickly, 77% to hit)
The zap hits Grum.
Grum is almost dead.
The zap hits the wolf!
The wolf is severely wounded.
Grum hits you from afar with a +1 halberd!!
Aiming: Shock (safe; 1% risk of failure)
Press: ? - help, Q - select action, (/) - cycle Shift-Dir - straight line, f/p - Grum
Aim: Grum, wielding a +1 halberd and wearing a +0 animal skin (almost dead, covering ground quickly, 77% to hit)
The zap misses Grum.
The zap hits the wolf.
You kill the wolf!
Vehumet accepts your kill.
Grum hits you from afar with a +1 halberd!!
You die...

#.....######
#.....#...<#
.....###.##
...)# #.#
...# #.# )g#
#.# #g# #.#
#.# #.# #@#
#.# #.###.##
#......#
#.###### ###


You could see Grum (swift) and a gnoll (swift).

Vanquished Creatures
  Pikel (D:4)
  Prince Ribbit (D:5)
  3 yaks
  A sky beast (D:6)
  An ice beast (D:7)
  2 black bears
  3 wolves (D:8)
  4 ogres
  3 lemures (D:3)
  A centaur (D:7)
  A phantom (D:3)
  2 necrophages
  A gnoll sergeant (D:7)
  3 scorpions
  4 killer bees (D:7)
  2 electric eels (D:7)
  A howler monkey (D:6)
  3 hounds (D:5)
  Crazy Yiuf (D:2)
  A gnoll bouda (D:8)
  4 jellies
  Terence (D:2)
  3 iguanas
  An orc wizard (D:5)
  Robin (D:2)
  9 gnolls
  7 adders
  A white imp (D:7)
  3 worms
  5 dart slugs
  14 orcs
  5 endoplasms
  A giant cockroach (D:1)
  19 goblins
  11 hobgoblins
  11 jackals
  3 quokkas
  8 ball pythons
  5 frilled lizards
  8 kobolds
  6 rats
165 creatures vanquished.

Vanquished Creatures (others)
  An ufetubus (D:7)
  24 fungi (D:6)
  5 plants (D:2)
30 creatures vanquished.

Grand Total: 195 creatures vanquished

Notes
Turn   | Place    | Note
-------+----------+-------------------------------------------
     0 | D:1      | CrazyBamboolord the Tengu Air Elementalist began the quest
                  | for the Orb.
     0 | D:1      | Reached XP level 1. HP: 10/10 MP: 4/4
   133 | D:1      | Reached XP level 2. HP: 15/15 MP: 4/6
   291 | D:1      | You fall into a shaft and drop 1 floor!
   380 | D:2      | Learned a level 2 spell: Static Discharge
   396 | D:2      | Noticed Robin
   475 | D:1      | Reached XP level 3. HP: 19/19 MP: 5/7
   787 | D:1      | Found Baloedios's Magic Scroll Shoppe.
   914 | D:1      | Reached skill level 5 in Air Magic
  1170 | D:1      | Reached XP level 4. HP: 24/24 MP: 5/8
  1384 | D:2      | Killed Robin
  1978 | D:2      | Found a basalt altar of Yredelemnul.
  1997 | D:2      | Noticed Terence
  2020 | D:2      | HP: 1/24 [Terence/+0 flail of protection (4)]
  2023 | D:2      | Identified a scroll of acquirement
  2023 | D:2      | Acquired the +2 ice dragon scales of Uskayaw's Esteem {rF-
                  | rC++ rCorr}
  2039 | D:2      | Killed Terence
  2041 | D:2      | Gained mutation: Your magical nature lets you fly swiftly
                  | and evasively. [Tengu growth]
  2041 | D:2      | Reached XP level 5. HP: 11/28 MP: 7/10
  2140 | D:2      | Found a runed translucent door.
  2141 | D:2      | Noticed Crazy Yiuf
  2294 | D:2      | Killed Crazy Yiuf
  2562 | D:2      | Learned a level 4 spell: Airstrike
  2566 | D:2      | Learned a level 3 spell: Swiftness
  2824 | D:3      | Found a sparkling altar of Nemelex Xobeh.
  3278 | D:3      | Found a white marble altar of Elyvilon.
  3634 | D:3      | Reached XP level 6. HP: 30/32 MP: 5/12
  3705 | D:3      | Identified the +0 ring mail of the Learner {+Inv}
  3855 | D:4      | Found a runed translucent door.
  3891 | D:4      | Noticed Thargor's ghost (novice GrEE)
  3927 | D:4      | Noticed Pikel
  4207 | D:4      | Found a runed translucent door.
  4416 | D:3      | Reached skill level 6 in Air Magic
  4535 | D:4      | Killed Pikel
  4536 | D:4      | Reached skill level 5 in Conjurations
  4536 | D:4      | Reached XP level 7. HP: 12/36 MP: 2/15
  4673 | D:4      | Found a glowing golden altar of the Shining One.
  4712 | D:4      | Reached skill level 7 in Air Magic
  4827 | D:4      | Learned a level 2 spell: Poisonous Vapours
  4862 | D:4      | Reached XP level 8. HP: 41/41 MP: 9/16
  5083 | D:5      | Entered Level 5 of the Dungeon
  5146 | D:5      | Reached skill level 5 in Spellcasting
  5359 | D:5      | Noticed Prince Ribbit
  5389 | D:5      | Killed Prince Ribbit
  5567 | D:5      | Reached skill level 8 in Air Magic
  5640 | D:5      | Found a broken altar of Ashenzari.
  5680 | D:5      | Found a staircase to the Ecumenical Temple.
  6194 | D:5      | Reached XP level 9. HP: 45/45 MP: 15/18
  6458 | D:6      | Found a radiant altar of Vehumet.
  6533 | D:6      | Found a stormy altar of Qazlal.
  7657 | D:7      | Reached skill level 9 in Air Magic
  7735 | D:7      | Found a hazy altar of Hepliaklqana.
  8180 | D:6      | Reached skill level 5 in Dodging
  8296 | D:7      | Reached skill level 5 in Stealth
  8567 | D:7      | Found an ornate altar of the Wu Jian Council.
  8670 | D:7      | Found Zerphene's Elemental Accessories.
  9181 | D:7      | Found an iron altar of Okawaru.
  9339 | D:6      | Became a worshipper of Vehumet
  9396 | D:8      | Noticed Grum
  9404 | D:8      | Reached skill level 10 in Air Magic
  9404 | D:8      | Reached XP level 10. HP: 44/50 MP: 13/22
  9410 | D:8      | Slain by Grum

Illustrated notes

Levels and vault maps discovered:
D:1:      heliophobic_arrival_enchanted_forest, layout_loops_cross,
          serial_shops, nicolae_shop_hallway_plus, nicolae_wormholes
D:2:      layout_basic, basic_altar, serial_forest,
          infiniplex_forest_clump_small, infiniplex_forest_straight_3,
          infiniplex_forest_end_3, infiniplex_forest_clump_cross,
          infiniplex_forest_diagonal, infiniplex_forest_straight_2,
          infiniplex_forest_clump_C, columned_hall_lemuel, minmay_distorted,
          uniq_terence, uniq_crazy_yiuf_cottage, uniq_robin
D:3:      layout_loops_ring, mainiacjoe_overflow_boulevard, elyvilon_altar_1
D:4:      layout_rooms, kennysheep_mini, ebering_ghost_sewer_f, uniq_pikel
D:5:      layout_basic, nicolae_ashenzari_panopticon,
          minmay_temple_entry_gardened_gates, minmay_misc_feat_more_columns,
          uniq_prince_ribbit1
D:6:      layout_gridville, mainiacjoe_overflow_chevrons, general_overflow_altar
D:7:      layout_loops_ring, mainiacjoe_overflow_small_starburst,
          lemuel_round_altar, nicolae_hepliaklqana_hippocampus,
          nicolae_elemental_shop, nicolae_kite_square_tiling_tiny
D:8:      layout_basic, serial_shops, kennysheep_mini_moat,
          gammafunk_ghost_wrathful_warriors, minmay_misc_feat_pillars,
          nicolae_take_the_stairs, uniq_grum, uniq_erica

Skill      XL: |  1  2  3  4  5  6  7  8  9 |
---------------+----------------------------+-----
Air Magic      | 5 6 7 8 10 | 10.0
Conjurations   | 2 3 5 6 8 |  8.5
Spellcasting   | 3 4 5 7 |  7.4
Dodging        | 3 4 5 |  5.6
Stealth        | 3 4 5 |  5.3

Action                   |  1- 3 |  4- 6 |  7- 9 | 10-12 || total
-------------------------+-------+-------+-------+-------++-------
Melee: Unarmed           |    37 |    19 |     1 |       ||    57
       Peck              |     7 |     3 |     6 |       ||    16
       Kick              |    10 |     6 |     9 |       ||    25
       Punch             |     1 |       |       |       ||     1
       Hand axe          |       |       |    16 |       ||    16
 Cast: Shock             |    64 |   161 |   226 |     7 ||   458
       Static Discharge  |       |    15 |     1 |       ||    16
       Poisonous Vapours |       |       |     8 |       ||     8
  Use: Scroll            |     2 |     4 |       |       ||     6
       Potion            |       |     7 |     1 |       ||     8
Armor: Robe              |    27 |     8 |       |       ||    35
       Animal skin       |       |    22 |    24 |       ||    46
Dodge: Dodged            |    61 |    72 |   103 |     4 ||   240

Table legend: (Time is in decaauts)
 A = Elapsed time spent in this place.
 B = Non-inter-level travel time spent in this place.
 C = Inter-level travel time spent in this place.
 D = Time resting spent in this place.
 E = Time spent auto-exploring this place.
 F = Levels seen in this place.
 G = Mean time per level.
                   A        B        C        D        E       F      G
               +--------+--------+--------+--------+--------+-----+--------+
         Total |   8994 |   8604 |    390 |    878 |   6154 |   8 | 1124.2 |
       Dungeon |   8994 |   8604 |    390 |    878 |   6154 |   8 | 1124.2 |
               +--------+--------+--------+--------+--------+-----+--------+

Top non-repeatable levels by time:
     D:3: 1655 daAuts
     D:6: 1545 daAuts
     D:2: 1319 daAuts
     D:7: 1291 daAuts
     D:1: 1232 daAuts
     D:5: 1204 daAuts
     D:4: 716 daAuts
     D:8: 30 daAuts
